 Dungeon Crawl Stone Soup version 0.30-a0-743-gbfdf073431 (webtiles) character file.

Game seed: 7492980520878708059

369 pokeman the Magician (level 6, -1/34 HPs)
             Began as a Deep Elf Hedge Wizard on Feb 5, 2023.
             Slain by an elf zombie (5 damage)
             ... in an ossuary.
             The game lasted 00:06:53 (2959 turns).

pokeman the Magician (Deep Elf Hedge Wizard)        Turns: 2959, Time: 00:06:53

Health: -1/34      AC:  2    Str:  7    XL:     6   Next: 41%
Magic:  11/18      EV: 13    Int: 21    God:
Gold:   76         SH:  0    Dex: 14    Spells: 11/19 levels left

rFire   . . .      SeeInvis .    a - +0 dagger
rCold   . . .      Faith    .    (no shield)
rNeg    . . .      Spirit   .    b - +0 robe
rPois   .          Reflect  .    c - +0 hat
rElec   .          Harm     .    (no cloak)
rCorr   .          Rampage  .    (no gloves)
Will    +....                    (no boots)
Stlth   ++                       (no amulet)
HPRegen 0.25/turn                i - ring of willpower
MPRegen 0.16/turn                (no ring)

@: no status effects
A: no striking features
a: no special abilities


You were in an ossuary.
You visited 1 branch of the dungeon, and saw 3 of its levels.
You also visited: Ossuary.

You collected 76 gold pieces.

Inventory:

Hand Weapons
 a - a +0 dagger (weapon)
Armour
 b - a +0 robe (worn)
 c - a +0 hat (worn)
Jewellery
 i - a ring of willpower (left hand)
Wands
 r - a wand of polymorph (13)
Scrolls
 f - 2 scrolls of fear {unknown}
 h - a scroll of enchant armour {unknown}
 j - a scroll of magic mapping {unknown}
 k - 4 scrolls of identify {unknown}
 l - a scroll of fog {unknown}
 p - a scroll of teleportation {unknown}
 q - a scroll of amnesia {unknown}
 s - 2 scrolls of immolation {unknown}
Potions
 d - a potion of magic
 e - 3 potions of brilliance {unknown}
 g - 2 potions of curing {unknown}
 m - 2 potions of ambrosia {unknown}
 n - a potion of heal wounds {unknown}
 o - 2 potions of might {unknown}
 t - 2 potions of mutation {unknown}
 u - a potion of cancellation {unknown}
 v - 2 potions of invisibility {unknown}


   Skills:
 + Level 1.1 Fighting
 - Level 1.0 Armour
 - Level 3.2 Dodging
 - Level 3.0 Stealth
 * Level 7.0 Spellcasting
 + Level 3.2 Conjurations
 + Level 1.1 Summonings
 - Level 1.1 Translocations
 - Level 1.0 Air Magic
 - Level 1.0 Poison Magic
 - Level 1.3 Evocations


You had 11 spell levels left.
You knew the following spells:

 Your Spells              Type           Power      Damage    Failure   Level
a - Magic Dart            Conj           84%        1d7       2%          1
b - Mephitic Cloud        Conj/Pois/Air  15%        N/A       13%         3
c - Call Imp              Summ           12%        N/A       9%          2
d - Blink                 Tloc           24%        N/A       9%          2

Your spell library contained the following spells:

 Spells                   Type           Power      Damage    Failure   Level
 Slow                     Hex            28%        N/A       9%          1
 Cigotuvi's Dreadful Rot  Necr/Pois/Air  20%        N/A       10%         2


Dungeon Overview and Level Annotations

Branches:
Dungeon (4/15)            Ossuary (1/1)
 Temple: D:4-7

Altars:


Message History

The elf zombie hits you.
Your white imp gestures at the elf zombie.
The puff of frost hits the elf zombie.
The elf zombie resists.
Casting: Magic Dart (safe; 2% risk of failure)
Confirm with . or Enter, or press ? or * to list all spells.
Aiming: Magic Dart (safe; 2% risk of failure)
Press: ? - help, Shift-Dir - straight line, f/p - elf zombie
Aim: an elf zombie (heavily damaged, not watching you, ally target, 100% to hit)
The magic dart hits the elf zombie.
The elf zombie is severely damaged.
The elf zombie hits you.
Your white imp gestures at the elf zombie.
The puff of frost hits the elf zombie.
The elf zombie resists.
Casting: Magic Dart (safe; 2% risk of failure)
Confirm with . or Enter, or press ? or * to list all spells.
Aiming: Magic Dart (safe; 2% risk of failure)
Press: ? - help, Shift-Dir - straight line, f/p - elf zombie
Aim: an elf zombie (severely damaged, not watching you, ally target, 100% to hit)
The magic dart hits the elf zombie.
The elf zombie is severely damaged.
Your white imp hits the elf zombie.
Your white imp freezes the elf zombie.
The elf zombie completely resists.
The elf zombie hits you!
* * * LOW HITPOINT WARNING * * *
Casting: Magic Dart (safe; 2% risk of failure)
Confirm with . or Enter, or press ? or * to list all spells.
Aiming: Magic Dart (safe; 2% risk of failure)
Press: ? - help, Shift-Dir - straight line, f/p - elf zombie
Aim: an elf zombie (severely damaged, ally target, 100% to hit)
The magic dart hits the elf zombie.
The elf zombie is severely damaged.
Your white imp closely misses the elf zombie.
Casting: Magic Dart (safe; 2% risk of failure)
Confirm with . or Enter, or press ? or * to list all spells.
Aiming: Magic Dart (safe; 2% risk of failure)
Press: ? - help, Shift-Dir - straight line, f/p - elf zombie
Aim: an elf zombie (severely damaged, ally target, 100% to hit)
The magic dart hits the elf zombie.
The elf zombie is almost destroyed.
The elf zombie hits you.
You die...

##...∩...###.....##
+...∩∩∩...'.......#
##...∩...###.....##
#.......# #.....#
##.....## ##...##
###.### ##### #'#
###.### #..@Z.#
#...5...# #.......#
#.......# ##.....##
###.### ###


You could see an elf zombie (ally target) and a friendly white imp (summoned).

Vanquished Creatures
  A centaur zombie (Ossuary)
  3 human zombies (Ossuary)
  Jessica (D:2)
  A mummy (Ossuary)
  2 dart slugs
  2 endoplasms (D:1)
  2 giant cockroaches
  3 goblins
  4 jackals (D:1)
  A quokka (D:1)
  A ball python (D:1)
  4 bats
  2 frilled lizards (D:1)
  3 kobolds
  5 rats
35 creatures vanquished.

Vanquished Creatures (collateral kills)
  2 elf zombies (Ossuary)
  A centaur zombie (Ossuary)
  A mummy (Ossuary)
  A worm (D:4)
5 creatures vanquished.

Grand Total: 40 creatures vanquished

Notes
Turn   | Place    | Note
-------+----------+-------------------------------------------
     0 | D:1      | pokeman the Deep Elf Hedge Wizard began the quest for the
                  | Orb.
     0 | D:1      | Reached XP level 1. HP: 10/10 MP: 7/7
    42 | D:1      | Found a faded altar of an unknown god.
   315 | D:1      | Reached XP level 2. HP: 10/15 MP: 1/9
   834 | D:1      | Reached skill level 5 in Spellcasting
  1177 | D:2      | Noticed Jessica
  1181 | D:2      | Killed Jessica
  1182 | D:2      | Reached skill level 1 in Fighting
  1182 | D:2      | Reached skill level 1 in Armour
  1182 | D:2      | Reached XP level 3. HP: 20/20 MP: 6/11
  1186 | D:2      | Learned a level 3 spell: Mephitic Cloud
  1189 | D:2      | Learned a level 2 spell: Call Imp
  1192 | D:2      | Learned a level 2 spell: Blink
  1825 | D:2      | You fall into a shaft and drop 2 floors!
  1988 | D:4      | Found a sand-covered staircase.
  1992 | Ossuary  | Entered an ossuary
  2084 | Ossuary  | Reached XP level 4. HP: 7/25 MP: 1/13
  2468 | Ossuary  | Reached skill level 6 in Spellcasting
  2468 | Ossuary  | Reached XP level 5. HP: 12/29 MP: 5/15
  2469 | Ossuary  | Reached skill level 1 in Evocations
  2673 | Ossuary  | Reached XP level 6. HP: 12/34 MP: 7/17
  2787 | Ossuary  | Reached skill level 1 in Air Magic
  2818 | Ossuary  | Reached skill level 7 in Spellcasting
  2818 | Ossuary  | Reached skill level 1 in Poison Magic
  2959 | Ossuary  | Slain by an elf zombie

Illustrated notes

Levels and vault maps discovered:
D:1:      minmay_arrival_shattered_statue, layout_basic,
          hellmonk_ecumenical_altar_slurped_away, minmay_misc_feat_tiny,
          minmay_misc_feat_columns
D:2:      layout_basic, uniq_jessica
D:4:      layout_layer_cave, serial_bayou, serial_bayou_lagoon_a,
          serial_bayou_lake_a, serial_bayou_shore_a, serial_bayou_pond_d,
          enter_ossuary_5, glass_columns_a
Ossuary:  ossuary_minmay_four_chambers

Skill      XL: |  1  2  3  4  5  6 |
---------------+-------------------+-----
Spellcasting   | 5 6 7 |  7.0
Fighting       | 1 |  1.1
Armour         | 1 |  1.0
Conjurations   | 2 3 |  3.2
Stealth        | 3 |  3.0
Dodging        | 3 |  3.2
Evocations     | 1 |  1.3
Air Magic      | 1 |  1.0
Poison Magic   | 1 |  1.0
Summonings     | |  1.1
Translocations | |  1.1

Action                     |  1- 3 |  4- 6 || total
---------------------------+-------+-------++-------
  Melee: Dagger            |    25 |    59 ||    84
         Punch             |       |     1 ||     1
   Cast: Magic Dart        |    89 |    64 ||   153
         Call Imp          |     3 |    14 ||    17
         Blink             |       |     2 ||     2
   Stab: Distracted        |       |     1 ||     1
 Armour: Robe              |     3 |    20 ||    23
  Dodge: Dodged            |    27 |    72 ||    99

Table legend: (Time is in decaauts)
 A = Elapsed time spent in this place.
 B = Non-inter-level travel time spent in this place.
 C = Inter-level travel time spent in this place.
 D = Time resting spent in this place.
 E = Time spent auto-exploring this place.
 F = Levels seen in this place.
 G = Mean time per level.
                   A        B        C        D        E       F      G
               +--------+--------+--------+--------+--------+-----+--------+
         Total |   2962 |   2953 |      9 |    550 |   1749 |   4 |  740.5 |
       Dungeon |   1995 |   1986 |      9 |      0 |   1640 |   3 |  665.0 |
       Ossuary |    966 |    966 |      0 |    550 |    109 |   1 |  966.0 |
               +--------+--------+--------+--------+--------+-----+--------+

Top non-repeatable levels by time:
     D:1: 1066 daAuts
 Ossuary: 966 daAuts
     D:2: 757 daAuts
     D:4: 171 daAuts
